 Dungeon Crawl Stone Soup version 0.22-a0-456-g11ed031 (webtiles) character file.

80 Galder the Magician (level 4, -3/24 HPs)
             Began as a Deep Elf Wizard on June 7, 2018.
             Slain by a gnoll (6 damage)
             ... on level 2 of the Dungeon.
             The game lasted 00:14:56 (2092 turns).

Galder the Magician (Deep Elf Wizard)               Turns: 2092, Time: 00:14:57

Health: -3/24      AC:  2    Str:  5    XL:     4   Next: 18%
Magic:  5/13       EV: 14    Int: 23    God:
Gold:   115        SH:  0    Dex: 17    Spells: 10/13 levels left

rFire    . . .     SeeInvis .   p - +0 short sword
rCold    . . .     Gourm    .   (no shield)
rNeg     . . .     Faith    .   h - +0 robe
rPois    .         Spirit   .   b - +0 hat
rElec    .         Reflect  .   (no cloak)
rCorr    .         Harm     .   (no gloves)
MR       .....                  (no boots)
Stlth    +++.......             (no amulet)
HPRegen  0.08/turn              l - +4 ring of dexterity
MPRegen  0.13/turn              (no ring)

@: no status effects
A: no striking features
a: no special abilities


You were on level 2 of the Dungeon.
You were not hungry.

You visited 1 branch of the dungeon, and saw 3 of its levels.

You collected 115 gold pieces.

Inventory:

Hand Weapons
 c - a +0 whip
 f - a +0 dagger
 i - a +0 hunting sling
 m - a +0 short sword
 p - a +0 short sword (weapon)
Missiles
 g - 74 stones (quivered)
Armour
 a - a +0 robe
 b - a +0 hat (worn)
 h - a +0 robe (worn)
 n - a +0 buckler
Jewellery
 l - a +4 ring of dexterity (left hand)
Scrolls
 e - 5 scrolls of identify {unknown}
 j - a scroll of teleportation {unknown}
 k - 2 scrolls of remove curse {unknown}
Comestibles
 d - 6 rations
 o - 3 chunks of flesh


   Skills:
 + Level 3.3 Dodging
 + Level 3.6 Stealth
 + Level 5.1 Spellcasting
 + Level 2.3 Conjurations
   Level 1.1 Summonings
 - Level 1.1 Translocations


You had 10 spell levels left.
You knew the following spells:

 Your Spells              Type           Power        Failure   Level  Hunger
a - Magic Dart            Conj           ###.         3%          1    None
b - Blink                 Tloc           N/A          9%          2    None

Your spell library contained the following spells:

 Spells                   Type           Power        Failure   Level  Hunger
 Conjure Flame            Conj/Fire      ##......     17%         3    ##.....
 Slow                     Hex            #.......     14%         2    None
 Mephitic Cloud           Conj/Pois/Air  #.......     21%         3    ##.....
 Call Imp                 Summ           ##......     9%          2    None


Dungeon Overview and Level Annotations

Branches:
Dungeon (3/15)

Altars:


Message History

Aiming: Magic Dart (safe; 3% risk of failure)
Press: ? - help, Shift-Dir - straight line, f/p - gnoll
Aim: a gnoll (moderately wounded)
The magic dart hits the gnoll.
The gnoll is moderately wounded.
The gnoll hits you!
Casting: Magic Dart (safe; 3% risk of failure)
Confirm with . or Enter, or press ? or * to list all spells.
Aiming: Magic Dart (safe; 3% risk of failure)
Press: ? - help, Shift-Dir - straight line, f/p - gnoll
Aim: a gnoll (moderately wounded)
The magic dart hits the gnoll.
The gnoll is moderately wounded.
The gnoll barely misses you. The gnoll hits you.
* * * LOW HITPOINT WARNING * * *
You climb upwards.
There is a stone staircase leading down here.
The gnoll hits you.
You die...

....#.............#...#
#.#.##########.#..#...#
#.#...............#...#
.....(.#######.#.##...#
.......# #.#.##...#
.......# #.#.##...#
.......#######...##...#
#'###.................#
..########....#.@##.#.#
......# #....#g>.....#
#####.# #....#######.#
#.####....#######.#
#.................#
######....#########
#....# ###### ###


You could see a gnoll.

Vanquished Creatures
  2 adders
  2 gnolls
  2 dart slugs
  5 bats
  2 giant cockroaches
  5 hobgoblins
  3 jackals
  4 kobolds
  6 frilled lizards
  4 goblins
  5 rats
40 creatures vanquished.

Notes
Turn   | Place    | Note
-------+----------+-------------------------------------------
     0 | D:1      | Galder the Deep Elf Wizard began the quest for the Orb.
     0 | D:1      | Reached XP level 1. HP: 10/10 MP: 7/7
   192 | D:1      | Reached XP level 2. HP: 14/15 MP: 2/9
   593 | D:1      | Learned a level 2 spell: Blink
  1206 | D:2      | Reached XP level 3. HP: 19/19 MP: 3/11
  1862 | D:3      | Reached skill level 5 in Spellcasting
  1996 | D:3      | Reached XP level 4. HP: 24/24 MP: 9/13
  2092 | D:2      | Slain by a gnoll

Vault maps used:
D:1:      evilmike_arrival_crescent
D:3:      led_sif_book, nicolae_ru_the_path_less_chosen, first_ration,
          st_stairs_13, minivault_24, mrwooster_statue_mirror, uniq_grinder

Skill      XL: |  1  2  3 |
---------------+----------+-----
Stealth        | 3 |  3.6
Dodging        | 3 |  3.3
Conjurations   | 2 |  2.3
Spellcasting   | 5 |  5.1
Summonings     | |  1.1
Translocations | |  1.1

Action                   |  1- 3 |  4- 6 || total
-------------------------+-------+-------++-------
 Cast: Magic Dart        |    98 |    17 ||   115
  Eat: Chunk             |     3 |       ||     3
Armor: Robe              |     7 |     1 ||     8
Dodge: Dodged            |    20 |     5 ||    25

Table legend:
 A = Spawn XP
 B = Non-spawn XP
 C = Spawn XP percentage of total XP
 D = Spawn monster count
 E = Non-spawn monster count
 F = Spawn count percentage of total count
 G = Total turns spent on level
                    A         B        C        D         E        F      G
               +---------+---------+-------+---------+---------+-------+---------
         Total |       0 |     115 |   0.0 |       0 |      40 |   0.0 |  2092
               +---------+---------+-------+---------+---------+-------+---------
           D:1 |       0 |      29 |   0.0 |       0 |      18 |   0.0 |   824
           D:2 |       0 |      55 |   0.0 |       0 |      18 |   0.0 |  1111
           D:3 |       0 |      31 |   0.0 |       0 |       4 |   0.0 |   157
               +---------+---------+-------+---------+---------+-------+---------
